 Dungeon Crawl Stone Soup version 0.26-a0-658-gbdda728c12 (webtiles) character file.

Game seed: 2879803213567234328

119 marklar909 the Vexing (level 5, 0/30 HPs)
             Began as a Kobold Arcane Marksman on Oct 5, 2020.
             Slain by a gnoll
             ... wielding a +0 flail
              (11 damage)
             ... on level 3 of the Dungeon.
             The game lasted 00:04:18 (2779 turns).

marklar909 the Vexing (Kobold Arcane Marksman)      Turns: 2779, Time: 00:04:18

Health: 0/30       AC:  4    Str:  8    XL:     5   Next: 24%
Magic:  6/6        EV: 15    Int: 15    God:
Gold:   167        SH:  0    Dex: 15    Spells: 2/6 levels left

rFire    . . .     SeeInvis .   b - +0 dagger
rCold    . . .     Faith    .   (shield restricted)
rNeg     . . .     Spirit   .   o - +0 leather armour
rPois    .         Reflect  .   c - +0 helmet
rElec    .         Harm     .   (no cloak)
rCorr    .         Rampage  .   (no gloves)
MR       .....                  (no boots)
Stlth    +++.......             (no amulet)
HPRegen  0.10/turn              (no ring)
MPRegen  0.10/turn              (no ring)

@: no status effects
A: small, nightstalker 3
a: no special abilities


You were on level 3 of the Dungeon.
You visited 1 branch of the dungeon, and saw 3 of its levels.

You collected 167 gold pieces.

Inventory:

Hand Weapons
 a - a +0 hand crossbow
 b - a +0 dagger (weapon)
Missiles
 d - 12 bolts
 l - 4 poisoned darts (quivered)
Armour
 c - a +0 helmet (worn)
 o - a +0 leather armour (worn)
Wands
 v - a wand of paralysis (7)
Scrolls
 g - 6 scrolls of identify {unknown}
 i - a scroll of remove curse {unknown}
 j - a scroll of random uselessness {unknown}
 k - 5 scrolls of magic mapping {unknown}
 m - a scroll of enchant armour {unknown}
 q - a scroll of fog {unknown}
 r - 3 scrolls of teleportation {unknown}
 t - a scroll of amnesia {unknown}
Potions
 e - a potion of flight {unknown}
 f - a potion of stabbing {unknown}
 h - a potion of heal wounds {unknown}
 n - 2 potions of lignification {unknown}
 p - 3 potions of ambrosia {unknown}
 s - a potion of curing {unknown}
 u - a potion of magic {unknown}


   Skills:
 * Level 2.0 Fighting
 * Level 1.0 Short Blades
 * Level 3.5 Crossbows
 + Level 1.0 Throwing
 + Level 0.1 Armour
 * Level 3.0 Dodging
 * Level 1.8 Stealth
 + Level 1.1 Spellcasting
 + Level 3.7 Hexes
 * Level 0.5 Translocations


You had 2 spell levels left.
You knew the following spells:

 Your Spells              Type           Power        Failure   Level
a - Corona                Hex            ##.....      8%          1
b - Portal Projectile     Hex/Tloc       #.....       41%         3

Your spell library contained the following spells:

 Spells                   Type           Power        Failure   Level
 Slow                     Hex            ##......     12%         2
 Inner Flame              Hex/Fire       #.......     43%         3
 Cause Fear               Hex            ##........   58%         4
 Leda's Liquefaction      Hex/Erth       #.........   85%         4


Dungeon Overview and Level Annotations

Branches:
Dungeon (3/15)

Altars:
Qazlal


Innate Abilities, Weirdness & Mutations

You are small and have problems with some larger weapons.
You are completely attuned to the shadows.


Message History

The poisoned dart barely misses the gnoll.
Throwing (i - inventory)
l - 6 poisoned darts (quivered)
Press: ? - help, Shift-Dir - straight line, f/p - gnoll
Aim: a gnoll, wielding a +0 flail (moderately wounded, poisoned)
You throw a poisoned dart. The poisoned dart hits the gnoll.
The gnoll is moderately wounded.
Throwing (i - inventory)
l - 5 poisoned darts (quivered)
Press: ? - help, Shift-Dir - straight line, f/p - gnoll
Aim: a gnoll, wielding a +0 flail (moderately wounded, poisoned)
You throw a poisoned dart.
The poisoned dart closely misses the gnoll.
The gnoll drinks a potion.
The gnoll goes berserk!
Unknown command.
Evoke which item? (* to show all) (? for menu, Esc to quit)
Aiming: Paralyse
Press: ? - help, Shift-Dir - straight line, f/p - gnoll
Aim: a gnoll, wielding a +0 flail (moderately wounded, berserk, poisoned, chance to defeat MR: 54%)
The gnoll resists with significant effort.
The gnoll hits you with a +0 flail!
You die...

#)# ##.##
##.(.## #
#.....#####
#.#..........
#.#.....#####
###......##
(((g..#.#####
###@##.#...#
#(##.....#
#.####...#
#.# ##.##
##.## #.#
###..(####.#
#...#.)..).#
##.....######
#.....##


You could see a gnoll (berserk, poisoned).

Vanquished Creatures
  7 gnolls
  An adder (D:3)
  A worm (D:2)
  A dart slug (D:1)
  A ball python (D:1)
  6 bats
  2 giant cockroaches
  9 goblins
  3 hobgoblins
  2 kobolds
  3 frilled lizards
  3 rats
39 creatures vanquished.

Notes
Turn   | Place    | Note
-------+----------+-------------------------------------------
     0 | D:1      | marklar909 the Kobold Arcane Marksman began the quest for
                  | the Orb.
     0 | D:1      | Reached XP level 1. HP: 12/12 MP: 2/2
   163 | D:1      | Reached XP level 2. HP: 16/16 MP: 3/3
   819 | D:1      | Reached XP level 3. HP: 15/20 MP: 4/4
  1713 | D:2      | Reached skill level 1 in Stealth
  1746 | D:2      | Reached XP level 4. HP: 11/26 MP: 5/5
  2230 | D:2      | Found a stormy altar of Qazlal.
  2517 | D:3      | Learned a level 3 spell: Portal Projectile
  2658 | D:3      | Reached XP level 5. HP: 17/30 MP: 6/6
  2679 | D:3      | Reached skill level 1 in Short Blades
  2679 | D:3      | Reached skill level 1 in Throwing
  2779 | D:3      | Slain by a gnoll

Illustrated notes

Levels and vault maps discovered:
D:1:      scummos_arrival_checkerplants, layout_basic, minivault_19
D:2:      layout_basic, grunt_qazlal_clouds
D:3:      layout_loops_ring, chequers_ecumenical_altar_simple

Skill      XL: |  1  2  3  4  5 |
---------------+----------------+-----
Stealth        | 1 |  1.8
Crossbows      | 3 |  3.5
Fighting       | 2 |  2.0
Short Blades   | 1 |  1.0
Throwing       | 1 |  1.0
Dodging        | 3 |  3.0
Armour         | |  0.1
Spellcasting   | |  1.1
Hexes          | |  3.7
Translocations | |  0.5

Action                   |  1- 3 |  4- 6 || total
-------------------------+-------+-------++-------
Melee: Unarmed           |    15 |       ||    15
       Dagger            |    16 |    30 ||    46
 Fire: Hand crossbow     |    37 |    14 ||    51
Throw: Dart              |    31 |    30 ||    61
Evoke: Wand              |       |     1 ||     1
 Stab: Sleeping          |     4 |       ||     4
Armor: Robe              |    11 |       ||    11
       Leather armour    |       |     8 ||     8
Dodge: Dodged            |    36 |    42 ||    78

Table legend: (Time is in decaauts)
 A = Elapsed time spent in this place.
 B = Non-inter-level travel time spent in this place.
 C = Inter-level travel time spent in this place.
 D = Time resting spent in this place.
 E = Time spent auto-exploring this place.
 F = Levels seen in this place.
 G = Mean time per level.
                   A        B        C        D        E       F      G
               +--------+--------+--------+--------+--------+-----+--------+
         Total |   2785 |   2710 |     75 |    177 |   2077 |   3 |  928.3 |
       Dungeon |   2785 |   2710 |     75 |    177 |   2077 |   3 |  928.3 |
               +--------+--------+--------+--------+--------+-----+--------+

Top non-repeatable levels by time:
     D:1: 1326 daAuts
     D:2: 1137 daAuts
     D:3: 321 daAuts
